TOP OF THE 1ST |
Nantucket Orcas batting - Pitching for Kenosha Kingfish : RHP Seth Cuevas
|
Pitching: RHP Seth Cuevas
|
|
Batting: RHB Charlie Pérez
|
0-0: Swinging Strike 0-1: Foul Ball, location: 2F 0-2: Strikes out swinging
|
Batting: RHB Demetrio Inrouville
|
0-0: Called Strike 0-1: SINGLE (Groundball, 56) (infield hit)
|
Batting: LHB Eugene Lee
|
0-0: Called Strike 0-1: Ball Demetrio Inrouville steals 2nd base 1-1: Ball 2-1: Swinging Strike 2-2: Foul Ball, location: 2F 2-2: Foul Ball, location: 2F 2-2: Ball 3-2: Strikes out looking
|
Batting: RHB Hunter Hudson
|
0-0: Foul Ball, location: 2F 0-1: Swinging Strike 0-2: Fly out, F9 (Line Drive, 9)
|
Top of the 1st over - 0 runs, 1 hit, 0 errors, 1 left on base; Nantucket 0 - Kenosha 0 |
BOTTOM OF THE 1ST |
Kenosha Kingfish batting - Pitching for Nantucket Orcas : RHP John Arnold
|
Pitching: RHP John Arnold
|
|
Batting: LHB Jerry Benjamin
|
0-0: Called Strike 0-1: Bunt for hit - play at first, batter safe!
|
Batting: RHB Warren Strathbogie
|
0-0: Ball Throwing error on steal attempt, E2 Jerry Benjamin to third 1-0: Called Strike 1-1: Foul Ball, location: 2F 1-2: Strikes out looking
|
Batting: LHB Juan Rodríguez
|
0-0: Ball 1-0: Fly out, F9 (Flyball, 9LSF) Runner from 3rd tags up, SCORES, no throw
|
Batting: LHB Matt McCormick
|
0-0: Called Strike 0-1: Swinging Strike 0-2: Strikes out looking
|
Bottom of the 1st over - 1 run, 1 hit, 1 error, 0 left on base; Nantucket 0 - Kenosha 1 |
TOP OF THE 2ND |
Nantucket Orcas batting - Pitching for Kenosha Kingfish : RHP Seth Cuevas
|
Batting: RHB Juan Gómez
|
0-0: Called Strike 0-1: Called Strike 0-2: Ball 1-2: Ball 2-2: Ground out 4-3 (Groundball, 4)
|
Batting: LHB Steve Blankenship
|
0-0: Ball 1-0: Foul Ball, location: 2F 1-1: Called Strike 1-2: Foul Ball, location: 2F 1-2: Foul Ball, location: 2F 1-2: Ground out 4-3 (Groundball, 4)
|
Batting: RHB Curt O'Brian
|
0-0: Foul Ball, location: 2F 0-1: Ball 1-1: Ball 2-1: Ground out U3 (Groundball, 34)
|
Top of the 2nd over - 0 runs, 0 hits, 0 errors, 0 left on base; Nantucket 0 - Kenosha 1 |
BOTTOM OF THE 2ND |
Kenosha Kingfish batting - Pitching for Nantucket Orcas : RHP John Arnold
|
Batting: RHB Mike Martínez
|
0-0: Ball 1-0: Foul Ball, location: 2F 1-1: Foul Ball, location: 2F 1-2: Ground out 5-3 (Groundball, 56)
|
Batting: RHB Vicente Rosales
|
0-0: Foul Ball, location: 2F 0-1: Swinging Strike 0-2: Foul Ball, location: 2F 0-2: Foul Ball, location: 2F 0-2: Strikes out swinging
|
Batting: RHB Jeff Navarro
|
0-0: Ball 1-0: Called Strike 1-1: Foul Ball, location: 2F 1-2: SINGLE (Groundball, 4MD)
|
Batting: RHB Juan Escalante
|
0-0: Fly out, F7 (Flyball, 7LSF)
|
Bottom of the 2nd over - 0 runs, 1 hit, 0 errors, 1 left on base; Nantucket 0 - Kenosha 1 |
TOP OF THE 3RD |
Nantucket Orcas batting - Pitching for Kenosha Kingfish : RHP Seth Cuevas
|
Batting: SHB Cristián Salazar
|
0-0: Ball 1-0: Swinging Strike 1-1: Swinging Strike 1-2: Strikes out swinging
|
Batting: RHB Luis Cruz
|
0-0: Called Strike 0-1: Called Strike 0-2: Strikes out looking
|
Batting: RHB Charlie Pérez
|
0-0: Called Strike 0-1: Foul Ball, location: 2F 0-2: Foul Ball, location: 2F 0-2: Strikes out looking
|
Top of the 3rd over - 0 runs, 0 hits, 0 errors, 0 left on base; Nantucket 0 - Kenosha 1 |
BOTTOM OF THE 3RD |
Kenosha Kingfish batting - Pitching for Nantucket Orcas : RHP John Arnold
|
Batting: RHB Charlie Guzmén
|
0-0: Ball 1-0: Fly out, F7 (Line Drive, 7D)
|
Batting: LHB Jerry Benjamin
|
0-0: SINGLE (Line Drive, 89S)
|
Batting: RHB Warren Strathbogie
|
0-0: Ball 1-0: Ball Jerry Benjamin steals 2nd base 2-0: Called Strike 2-1: Called Strike 2-2: SINGLE (Groundball, 34D) Jerry Benjamin to third Runner from 3rd tries for Home, SAFE, throw made home
|
Batting: LHB Juan Rodríguez
|
0-0: Called Strike 0-1: Ball 1-1: Ball 2-1: Ball 3-1: Base on Balls Warren Strathbogie to second
|
Batting: LHB Matt McCormick
|
0-0: Called Strike 0-1: Fly out, F7 (Flyball, 7)
|
Batting: RHB Mike Martínez
|
0-0: Foul Ball, location: 2F 0-1: Called Strike 0-2: Ball 1-2: Ball 2-2: Ball 3-2: Strikes out swinging
|
Bottom of the 3rd over - 1 run, 2 hits, 0 errors, 2 left on base; Nantucket 0 - Kenosha 2 |
TOP OF THE 4TH |
Nantucket Orcas batting - Pitching for Kenosha Kingfish : RHP Seth Cuevas
|
Batting: RHB Demetrio Inrouville
|
0-0: Called Strike 0-1: Foul Ball, location: 2F 0-2: Strikes out swinging
|
Batting: LHB Eugene Lee
|
0-0: Ball 1-0: Ground out 4-3 (Groundball, 34)
|
Batting: RHB Hunter Hudson
|
0-0: Foul Ball, location: 2F 0-1: Ball 1-1: Called Strike 1-2: Strikes out swinging
|
Top of the 4th over - 0 runs, 0 hits, 0 errors, 0 left on base; Nantucket 0 - Kenosha 2 |
BOTTOM OF THE 4TH |
Kenosha Kingfish batting - Pitching for Nantucket Orcas : RHP John Arnold
|
Batting: RHB Vicente Rosales
|
0-0: Called Strike 0-1: Called Strike 0-2: Ball 1-2: Strikes out looking
|
Batting: RHB Jeff Navarro
|
0-0: Ball 1-0: Swinging Strike 1-1: Ball 2-1: Foul Ball, location: 2F 2-2: Ball 3-2: Base on Balls
|
Batting: RHB Juan Escalante
|
0-0: Ball Pickoff Throw to First - Out! 1-0: Ball 2-0: Ball 3-0: Called Strike 3-1: Foul Ball, location: 2F 3-2: Strikes out looking
|
Bottom of the 4th over - 0 runs, 0 hits, 0 errors, 0 left on base; Nantucket 0 - Kenosha 2 |
TOP OF THE 5TH |
Nantucket Orcas batting - Pitching for Kenosha Kingfish : RHP Seth Cuevas
|
Batting: RHB Juan Gómez
|
0-0: Ball
|
|
|
|
1-0: Ground out 5-3 (Groundball, 25)
|
Batting: LHB Steve Blankenship
|
0-0: Ball 1-0: Fly out, F8 (Flyball, 8LD)
|
Batting: RHB Curt O'Brian
|
0-0: Ball 1-0: Foul Ball, location: 2F 1-1: SINGLE (Flyball, 8RS)
|
Batting: SHB Cristián Salazar
|
0-0: Swinging Strike 0-1: Called Strike 0-2: Foul Ball, location: 2F 0-2: Ball Curt O'Brian is caught stealing 2nd base
|
Top of the 5th over - 0 runs, 1 hit, 0 errors, 0 left on base; Nantucket 0 - Kenosha 2 |
BOTTOM OF THE 5TH |
Kenosha Kingfish batting - Pitching for Nantucket Orcas : RHP John Arnold
|
Pitching: RHP Gerard Pérez
|
|
Batting: RHB Charlie Guzmén
|
0-0: Ball 1-0: Called Strike 1-1: Fly out, F8 (Flyball, 8LM)
|
Batting: LHB Jerry Benjamin
|
0-0: Called Strike 0-1: Called Strike 0-2: Strikes out swinging
|
Batting: RHB Warren Strathbogie
|
0-0: Called Strike 0-1: Ball 1-1: Ball 2-1: Ball 3-1: Base on Balls
|
Batting: LHB Juan Rodríguez
|
0-0: Called Strike 0-1: Ball 1-1: Ground out 4-3 (Groundball, 4)
|
Bottom of the 5th over - 0 runs, 0 hits, 0 errors, 1 left on base; Nantucket 0 - Kenosha 2 |
TOP OF THE 6TH |
Nantucket Orcas batting - Pitching for Kenosha Kingfish : RHP Seth Cuevas
|
Pitching: RHP Greg Woods
|
|
Batting: SHB Cristián Salazar
|
0-0: SINGLE (Groundball, 56S) (infield hit)
|
|
|
Batting: RHB Luis Cruz
|
0-0: SINGLE (Line Drive, 89S) Cristián Salazar to second Runner from 2nd tries for 3rd, OUT!
|
Batting: RHB Charlie Pérez
|
0-0: Ball Luis Cruz steals 2nd base 1-0: Ball 2-0: Ground out U3 (Groundball, 2R) Luis Cruz to third
|
Batting: RHB Demetrio Inrouville
|
0-0: Ball 1-0: Called Strike 1-1: Foul Ball, location: 2F 1-2: Strikes out swinging
|
Top of the 6th over - 0 runs, 2 hits, 0 errors, 1 left on base; Nantucket 0 - Kenosha 2 |
BOTTOM OF THE 6TH |
Kenosha Kingfish batting - Pitching for Nantucket Orcas : RHP Gerard Pérez
|
Batting: LHB Matt McCormick
|
0-0: DOUBLE (Flyball, 89D)
|
Batting: RHB Mike Martínez
|
0-0: Intentional Walk
|
Batting: RHB Vicente Rosales
|
0-0: Called Strike 0-1: Foul Ball, location: 2F 0-2: SINGLE (Groundball, 34D) Matt McCormick to third Mike Martínez to second Runner from 3rd tries for Home, SAFE, no throw
|
Pitching: RHP Chuma Faqihi
|
|
Batting: RHB Jeff Navarro
|
0-0: Ball 1-0: Foul Ball, location: 2F 1-1: Ball Passed Ball! Mike Martínez to third Vicente Rosales to second 2-1: Ball 3-1: Foul Ball, location: 2F 3-2: Foul Ball, location: 2F 3-2: Foul Ball, location: 2F 3-2: DOUBLE (Flyball, 78D) Mike Martínez scores Vicente Rosales scores
|
Batting: RHB Juan Escalante
|
0-0: Swinging Strike 0-1: Ball 1-1: Ball 2-1: Fly out, F4 (Popup, 4S)
|
Batting: RHB Charlie Guzmén
|
0-0: Called Strike 0-1: Swinging Strike 0-2: Strikes out swinging
|
Batting: LHB Jerry Benjamin
|
0-0: Ball 1-0: Called Strike 1-1: Ground out 4-3 (Groundball, 4)
|
Bottom of the 6th over - 3 runs, 3 hits, 0 errors, 1 left on base; Nantucket 0 - Kenosha 5 |
TOP OF THE 7TH |
Nantucket Orcas batting - Pitching for Kenosha Kingfish : RHP Greg Woods
|
Batting: LHB Eugene Lee
|
0-0: Ball 1-0: Ball 2-0: Ball 3-0: Base on Balls
|
Batting: RHB Hunter Hudson
|
0-0: Called Strike 0-1: Ball 1-1: Ball 2-1: Foul Ball, location: 2F 2-2: Strikes out swinging
|
Batting: RHB Juan Gómez
|
0-0: Ball 1-0: Ball Throwing error on steal attempt, E2 Eugene Lee to third 2-0: Called Strike 2-1: Foul Ball, location: 2F 2-2: Ball 3-2: Foul Ball, location: 2F 3-2: Foul Ball, location: 2F 3-2: Foul Ball, location: 2F 3-2: Foul Ball, location: 2F 3-2: Foul Ball, location: 2F 3-2: Foul Ball, location: 2F 3-2: Base on Balls
|
Batting: LHB Steve Blankenship
|
0-0: SINGLE (Flyball, 89S) Eugene Lee scores Juan Gómez to second Runner from 2nd tries for 3rd, SAFE, no throw
|
Batting: RHB Curt O'Brian
|
0-0: Ball 1-0: SINGLE (Groundball, 56) (infield hit) Juan Gómez scores Steve Blankenship to second
|
Pitching: RHP Miguel Durán
|
|
Batting: SHB Cristián Salazar
|
0-0: Ball 1-0: Ball 2-0: Called Strike 2-1: Called Strike 2-2: Fielders Choice at 2nd, 1-6 (Groundball, 13) Steve Blankenship to third
|
Batting: RHB Luis Cruz
|
0-0: Called Strike 0-1: Called Strike 0-2: Ball 1-2: Strikes out looking
|
Top of the 7th over - 2 runs, 2 hits, 1 error, 2 left on base; Nantucket 2 - Kenosha 5 |
BOTTOM OF THE 7TH |
Kenosha Kingfish batting - Pitching for Nantucket Orcas : RHP Chuma Faqihi
|
Batting: RHB Warren Strathbogie
|
0-0: Swinging Strike 0-1: Ball 1-1: Foul Ball, location: 2F 1-2: Ball 2-2: Ball 3-2: Base on Balls
|
Batting: LHB Juan Rodríguez
|
0-0: Ball 1-0: Called Strike 1-1: Ball 2-1: Ball Warren Strathbogie steals 2nd base 3-1: Intentional Walk
|
Batting: LHB Matt McCormick
|
0-0: Called Strike 0-1: Ball 1-1: Ball 2-1: Ball 3-1: Base on Balls Warren Strathbogie to third Juan Rodríguez to second
|
Batting: RHB Mike Martínez
|
0-0: Foul Ball, location: 2F 0-1: Ball Wild Pitch! Warren Strathbogie scores Juan Rodríguez to third Matt McCormick to second 1-1: Intentional Walk
|
Batting: RHB Vicente Rosales
|
0-0: Ball 1-0: Swinging Strike 1-1: Grounds into fielders choice 4-2 (Groundball, 4S) Matt McCormick to third Mike Martínez to second
|
Batting: RHB Jeff Navarro
|
0-0: Ball 1-0: Ball 2-0: Called Strike 2-1: Foul Ball, location: 2F 2-2: Strikes out swinging
|
Batting: RHB Juan Escalante
|
0-0: Ball 1-0: Ball 2-0: Ball 3-0: Called Strike 3-1: Foul Ball, location: 2F 3-2: Fly out, F8 (Flyball, 89M)
|
Bottom of the 7th over - 1 run, 0 hits, 0 errors, 3 left on base; Nantucket 2 - Kenosha 6 |
TOP OF THE 8TH |
Nantucket Orcas batting - Pitching for Kenosha Kingfish : RHP Miguel Durán
|
Batting: RHB Charlie Pérez
|
0-0: Ball 1-0: Foul Ball, location: 2F 1-1: Called Strike 1-2: Foul Ball, location: 2F 1-2: Ball 2-2: Ball 3-2: Strikes out swinging
|
Batting: RHB Demetrio Inrouville
|
0-0: Ball 1-0: Swinging Strike 1-1: Ball 2-1: Foul Ball, location: 2F 2-2: Strikes out swinging
|
Batting: LHB Eugene Lee
|
0-0: Ground out 5-3 (Groundball, 5)
|
Top of the 8th over - 0 runs, 0 hits, 0 errors, 0 left on base; Nantucket 2 - Kenosha 6 |
BOTTOM OF THE 8TH |
Kenosha Kingfish batting - Pitching for Nantucket Orcas : RHP Chuma Faqihi
|
Batting: RHB Charlie Guzmén
|
0-0: Called Strike 0-1: Foul Ball, location: 2F 0-2: Strikes out swinging, 2-3 out at first.
|
Batting: LHB Jerry Benjamin
|
0-0: Called Strike 0-1: SINGLE (Groundball, 56D)
|
Pitching: LHP Lopes Ambar
|
|
Batting: RHB Warren Strathbogie
|
0-0: Foul Ball, location: 2F 0-1: Called Strike Jerry Benjamin steals 2nd base 0-2: Ball 1-2: Ball 2-2: Foul Ball, location: 2F 2-2: Ground out 1-3 (Groundball, 15S)
|
Batting: LHB Juan Rodríguez
|
0-0: Ball 1-0: Foul Ball, location: 2F 1-1: Ball 2-1: Ball 3-1: Called Strike 3-2: Foul Ball, location: 2F 3-2: 2-RUN HOME RUN (Flyball, 9LD), Distance : 345 ft
|
Batting: LHB Matt McCormick
|
0-0: Ball 1-0: Ball 2-0: Swinging Strike 2-1: Foul Ball, location: 2F 2-2: Strikes out looking
|
Bottom of the 8th over - 2 runs, 2 hits, 0 errors, 0 left on base; Nantucket 2 - Kenosha 8 |
TOP OF THE 9TH |
Nantucket Orcas batting - Pitching for Kenosha Kingfish : RHP Miguel Durán
|
Now at 1B: José Ayala
|
|
Batting: RHB Hunter Hudson
|
0-0: Ball 1-0: Foul Ball, location: 2F 1-1: Swinging Strike 1-2: Ball 2-2: Ball 3-2: Foul Ball, location: 2F 3-2: Foul Ball, location: 2F 3-2: Base on Balls
|
Batting: RHB Juan Gómez
|
0-0: Ball 1-0: Called Strike 1-1: Called Strike 1-2: Foul Ball, location: 2F 1-2: Foul Ball, location: 2F 1-2: Strikes out swinging
|
Batting: LHB Steve Blankenship
|
0-0: Called Strike 0-1: Ball 1-1: SINGLE (Groundball, 34) (infield hit) Hunter Hudson to second
|
Batting: RHB Curt O'Brian
|
0-0: Grounds into double play, 5-4-3 (Groundball, 56)
|
Top of the 9th over - 0 runs, 1 hit, 0 errors, 1 left on base; Nantucket 2 - Kenosha 8 |
|
Saturday, April 7th, 2018 - OOTP Baseball 18.8 Build 76
|
|